 Dungeon Crawl Stone Soup version 0.21.1-1-g345015f (webtiles) character file.

210 prawnwizard the Conjurer (level 5, -2/37 HPs)
             Began as a Gnoll Conjurer on July 9, 2018.
             Slain by a gnoll
             ... wielding a cursed +0 spear
              (7 damage)
             ... on level 3 of the Dungeon.
             The game lasted 00:04:27 (2772 turns).

prawnwizard the Conjurer (Gnoll Conjurer)           Turns: 2772, Time: 00:04:28

Health: -2/37      AC:  3    Str: 11    XL:     5   Next: 87%
Magic:  2/12       EV: 15    Int: 22    God:
Gold:   64         SH:  0    Dex: 15    Spells: 9/14 levels left

rFire    . . .     SeeInvis .   i - +1 short sword (protect)
rCold    . . .     Gourm    .   (no shield)
rNeg     . . .     Faith    .   a - +0 robe
rPois    .         Spirit   .   (no helmet)
rElec    .         Reflect  .   l - +0 cloak
rCorr    .         Harm     .   (no gloves)
MR       .....                  (no boots)
Stlth    +++.......             (no amulet)
HPRegen  0.12/turn              k - +4 ring of intelligence
MPRegen  0.13/turn              (no ring)

@: no status effects
A: distributed training, fangs 1, strong nose
a: no special abilities


You were on level 3 of the Dungeon.
You were not hungry.

You visited 1 branch of the dungeon, and saw 4 of its levels.

You collected 64 gold pieces.

Inventory:

Hand Weapons
 i - a +1 short sword of protection (weapon)
Armour
 a - a +0 robe (worn)
 l - a +0 cloak (worn)
Jewellery
 g - a +6 ring of slaying {unknown}
 k - a +4 ring of intelligence (left hand)
 q - a +2 ring of intelligence
 s - an uncursed ring of resist corrosion {unknown}
Scrolls
 e - 2 scrolls of identify {unknown}
 f - a scroll of magic mapping {unknown}
 j - a scroll of enchant armour {unknown}
 m - 2 scrolls of amnesia {unknown}
 n - a scroll of teleportation {unknown}
Potions
 d - 2 potions of heal wounds {unknown}
 h - a potion of degeneration {unknown}
 o - a potion of berserk rage {unknown}
 p - a potion of magic {unknown}
 r - a potion of brilliance {unknown}
 t - a potion of flight {unknown}
 u - a potion of lignification {unknown}
Books
 b - a book of Conjurations

   Spells                             Type                      Level
   a - Magic Dart                     Conjuration                  1
   b - Searing Ray                    Conjuration                  2
   c - Dazzling Spray                 Conjuration/Hexes            3
   d - Fulminant Prism                Conjuration/Hexes            4
   e - Force Lance                    Conjuration/Translocation    4
   f - Iskenderun's Mystic Blast      Conjuration                  4
Comestibles
 c - 2 rations


   Skills:
 + Level 1.6 Fighting
 + Level 1.6 Short Blades
 + Level 1.6 Long Blades
 + Level 1.6 Axes
 + Level 1.6 Maces & Flails
 + Level 1.6 Polearms
 + Level 1.6 Staves
 + Level 1.6 Slings
 + Level 1.6 Bows
 + Level 1.6 Crossbows
 + Level 1.6 Throwing
 + Level 1.6 Armour
 + Level 4.8 Dodging
 + Level 4.4 Stealth
 + Level 1.6 Shields
 + Level 1.6 Unarmed Combat
 + Level 5.2 Spellcasting
 + Level 7.2 Conjurations
 + Level 1.3 Hexes
 + Level 1.3 Charms
 + Level 1.3 Summonings
 + Level 1.3 Necromancy
 + Level 1.3 Translocations
 + Level 1.3 Transmutations
 + Level 1.3 Fire Magic
 + Level 1.3 Ice Magic
 + Level 1.3 Air Magic
 + Level 1.3 Earth Magic
 + Level 1.3 Poison Magic
 + Level 1.8 Invocations
 + Level 1.6 Evocations


You had 9 spell levels left.
You knew the following spells:

 Your Spells              Type           Power        Failure   Level  Hunger
a - Magic Dart            Conj           ####         1%          1    None
b - Fulminant Prism       Conj/Hex       ###.......   17%         4    ####...


Dungeon Overview and Level Annotations

Branches:
Dungeon (4/15)
 Temple: D:4-7

Altars:
Xom


Innate Abilities, Weirdness & Mutations

Your experience applies equally to all skills.
You have very sharp teeth.
Your uncanny sense of smell can sniff out nearby items.


Message History

The gnoll hits you from afar with a spear.
* * * LOW HITPOINT WARNING * * *
Casting: Magic Dart
Confirm with . or Enter, or press ? or * to list all spells.
Aiming: Magic Dart
Press: ? - help, Shift-Dir - straight line, f/p - gnoll
Aim: a gnoll, wielding a flail (almost dead)
The magic dart hits the gnoll.
You kill the gnoll!
The bat hits you but does no damage. The gnoll completely misses you.
Casting: Magic Dart
Confirm with . or Enter, or press ? or * to list all spells.
Aiming: Magic Dart
Press: ? - help, Shift-Dir - straight line, f - bat
Aim: a bat The magic dart hits the bat.
The bat is severely wounded.
The bat misses you.
The gnoll hits you from afar with a spear!
You die...

..............####
#........#
..............#
#..# ###......#
..............#
#..# #......#
..#######.....#
#..# #......# ..#
#.....# #..#
#....... ..###
#.....# #..#
######## ....#
##########..###+##.
....#
#....b........
....#
#..@)g........
....#
#.......!.....
(...#
#......###....
....# #......# ...
∆ ##### #...>..# #
#......# #.........
#####.###.# .# #


You could see a gnoll and a bat.

Vanquished Creatures
  An orc priest (D:3)
  Jessica (D:2)
  A worker ant (D:3)
  2 gnolls (D:3)
  4 adders
  2 worms
  3 dart slugs
  A leopard gecko (D:1)
  4 orcs (D:3)
  5 bats
  3 giant cockroaches
  8 goblins
  9 hobgoblins
  2 quokkas
  A ball python (D:1)
  4 frilled lizards
  8 kobolds
  3 rats
62 creatures vanquished.

Vanquished Creatures (others)
  3 fulminant prisms
3 creatures vanquished.

Grand Total: 65 creatures vanquished

Notes
Turn   | Place    | Note
-------+----------+-------------------------------------------
     0 | D:1      | prawnwizard the Gnoll Conjurer began the quest for the Orb.
     0 | D:1      | Reached XP level 1. HP: 13/13 MP: 6/6
    53 | D:1      | Reached XP level 2. HP: 11/19 MP: 0/7
   745 | D:2      | Reached XP level 3. HP: 25/25 MP: 9/9
   752 | D:2      | Reached skill level 5 in Spellcasting
   905 | D:2      | Reached skill level 1 in Invocations
   976 | D:2      | Reached skill level 1 in Fighting
   976 | D:2      | Reached skill level 1 in Short Blades
   976 | D:2      | Reached skill level 1 in Long Blades
   976 | D:2      | Reached skill level 1 in Axes
   976 | D:2      | Reached skill level 1 in Maces & Flails
   976 | D:2      | Reached skill level 1 in Polearms
   976 | D:2      | Reached skill level 1 in Staves
   976 | D:2      | Reached skill level 1 in Slings
   976 | D:2      | Reached skill level 1 in Bows
   976 | D:2      | Reached skill level 1 in Crossbows
   976 | D:2      | Reached skill level 1 in Throwing
   976 | D:2      | Reached skill level 1 in Armour
   976 | D:2      | Reached skill level 1 in Shields
   976 | D:2      | Reached skill level 1 in Unarmed Combat
   976 | D:2      | Reached skill level 1 in Evocations
  1036 | D:2      | Reached XP level 4. HP: 14/32 MP: 6/11
  1464 | D:2      | Learned a level 4 spell: Fulminant Prism
  1495 | D:2      | Noticed Jessica
  1498 | D:2      | Killed Jessica
  1498 | D:2      | Reached skill level 1 in Hexes
  1498 | D:2      | Reached skill level 1 in Charms
  1498 | D:2      | Reached skill level 1 in Summonings
  1498 | D:2      | Reached skill level 1 in Necromancy
  1498 | D:2      | Reached skill level 1 in Translocations
  1498 | D:2      | Reached skill level 1 in Transmutations
  1498 | D:2      | Reached skill level 1 in Fire Magic
  1498 | D:2      | Reached skill level 1 in Ice Magic
  1498 | D:2      | Reached skill level 1 in Air Magic
  1498 | D:2      | Reached skill level 1 in Earth Magic
  1498 | D:2      | Reached skill level 1 in Poison Magic
  2011 | D:3      | Reached XP level 5. HP: 37/37 MP: 12/12
  2057 | D:3      | Found a shimmering altar of Xom.
  2772 | D:3      | Slain by a gnoll

Skill      XL: |  1  2  3  4 |
---------------+-------------+-----
Spellcasting   | 5 |  5.2
Invocations    | 1 |  1.8
Fighting       | 1 |  1.6
Short Blades   | 1 |  1.6
Long Blades    | 1 |  1.6
Axes           | 1 |  1.6
Maces & Flails | 1 |  1.6
Polearms       | 1 |  1.6
Staves         | 1 |  1.6
Slings         | 1 |  1.6
Bows           | 1 |  1.6
Crossbows      | 1 |  1.6
Throwing       | 1 |  1.6
Armour         | 1 |  1.6
Shields        | 1 |  1.6
Unarmed Combat | 1 |  1.6
Evocations     | 1 |  1.6
Hexes          | 1 |  1.3
Charms         | 1 |  1.3
Summonings     | 1 |  1.3
Necromancy     | 1 |  1.3
Translocations | 1 |  1.3
Transmutations | 1 |  1.3
Fire Magic     | 1 |  1.3
Ice Magic      | 1 |  1.3
Air Magic      | 1 |  1.3
Earth Magic    | 1 |  1.3
Poison Magic   | 1 |  1.3
Dodging        | |  4.8
Stealth        | |  4.4
Conjurations   | |  7.2

Action                   |  1- 3 |  4- 6 || total
-------------------------+-------+-------++-------
Melee: Unarmed           |    12 |       ||    12
       Bite              |     5 |     4 ||     9
       Short sword       |    75 |    57 ||   132
       Punch             |       |     1 ||     1
 Cast: Magic Dart        |    21 |    38 ||    59
       Fulminant Prism   |       |     3 ||     3
 Stab: Sleeping          |     6 |     3 ||     9
  Eat: Chunk             |       |     6 ||     6
Armor: Robe              |    34 |    10 ||    44
Dodge: Dodged            |    82 |    58 ||   140
